 Dungeon Crawl Stone Soup version 0.31-a0-1363-g282adc679d (webtiles) character file.

Game seed: 4955381038701871814

6976 Bnni the Geomancer (level 11, -1/86 HPs)
             Began as a Formicid Earth Elementalist on Dec 23, 2023.
             Was an Elder of Cheibriados.
             Slain by a polar bear (17 damage)
             ... on level 8 of the Dungeon.
             The game lasted 00:15:42 (8828 turns).

Bnni the Geomancer (Formicid Earth Elementalist)    Turns: 8828, Time: 00:15:43

Health: -1/86      AC: 13    Str: 22    XL:     11   Next: 28%
Magic:  33/36      EV: 12    Int: 30    God:    Cheibriados [****..]
Gold:   455        SH:  5    Dex: 24    Spells: 6/20 levels left

rFire   + . .        D - +4 dagger of Wyrd {venom, rPois rCorr MP+9 Stlth+}
rCold   . . .        (no shield)
rNeg    . . .        q - +2 ring mail {rF+}
rPois   +            (helmet unavailable)
rElec   .            (no cloak)
rCorr   +            v - +0 pair of gloves
SInv    +            (no boots)
Will    +....        I - amulet of reflection
Stlth   +++          C - +4 ring of protection
HPRegen 0.34/turn    m - ring of magical power
MPRegen 0.25/turn

%: reflection
@: very slow
A: permanent stasis, dig shafts and tunnels, antennae 3, four strong arms
a: Dig, Shaft Self, Renounce Religion, Bend Time, Temporal Distortion, Slouch


You were on level 8 of the Dungeon.
You worshipped Cheibriados.
Cheibriados was greatly pleased with you.
You visited 1 branch of the dungeon, and saw 8 of its levels.
You also visited: Ossuary.

You collected 455 gold pieces.

Inventory:

Hand Weapons
 D - the +4 dagger of Wyrd (weapon) {venom, rPois rCorr MP+9 Stlth+}
   (You found it on level 6 of the Dungeon)

   rPois:     It protects you from poison MP+9: It affects your magic capacity
   (+9).
   rCorr:     It protects you from acid and corrosion.
   Stlth+:    It makes you more stealthy.
Missiles
 w - 2 throwing nets
Armour
 q - a +2 ring mail of fire resistance (worn)
 v - a +0 pair of gloves (worn)
 x - a +0 plate armour
 J - the +0 ring mail of Starshine {Fly rC+ Str-3}
   (You found it on level 8 of the Dungeon)

   Str-3:     It affects your strength (-3).
   rC+:       It protects you from cold.
   Fly:       It grants you flight.
Jewellery
 h - a ring of ice
 m - a ring of magical power (right hand)
 t - a ring of flight
 C - a +4 ring of protection (left hand)
 E - a ring of wizardry
 I - an amulet of reflection (around neck)
 L - a ring of fire
Wands
 p - a wand of iceblast (29)
 G - a wand of digging (6)
Scrolls
 c - 3 scrolls of fear
 e - 2 scrolls of summoning
 f - 4 scrolls of teleportation {unknown}
 g - 6 scrolls of revelation {unknown}
 j - 3 scrolls of noise {unknown}
 l - a scroll of blinking {unknown}
 o - 2 scrolls of enchant weapon
 u - a scroll of poison
 y - 4 scrolls of enchant armour
 z - 4 scrolls of immolation
 H - a scroll of vulnerability {unknown}
Potions
 a - 3 potions of might
 b - 3 potions of magic
 d - a potion of lignification
 i - 2 potions of degeneration {unknown}
 k - 6 potions of curing
 n - 3 potions of resistance {unknown}
 r - 2 potions of attraction {unknown}
 s - 4 potions of heal wounds
 A - a potion of berserk rage {unknown}
 B - 3 potions of haste {unknown}
 F - a potion of brilliance {unknown}
 K - a potion of ambrosia {unknown}


   Skills:
 + Level 8.0 Fighting
 + Level 5.9 Armour
 - Level 1.7 Dodging
 - Level 2.4 Stealth
 - Level 5.1 Spellcasting
 - Level 5.0 Conjurations
 + Level 11.6 Earth Magic
 - Level 2.0 Alchemy
 * Level 8.6 Invocations


You had 6 spell levels left.
You knew the following spells:

 Your Spells              Type           Power      Damage    Failure   Level
a - Sandblast             Erth           100%       2d20      1%          1
b - Passwall              Alch/Erth      40%        N/A       1%          2
c - Stone Arrow           Conj/Erth      100%       3d13      1%          3
d - Brom's Barrelling Bo  Conj/Erth      55%        2d7       3%          4
e - Petrify               Alch/Erth      48%        N/A       5%          4

Your spell library contained the following spells:

 Spells                   Type           Power      Damage    Failure   Level
 Kiss of Death            Conj/Necr      88%        2d12      3%          1
 Necrotise                Necr           28%        1d5       9%          1
 Lesser Beckoning         Tloc           14%        N/A       13%         2
 Confusing Touch          Hex            7%         N/A       26%         3
 Gell's Gravitas          Tloc           7%         N/A       26%         3
 Teleport Other           Tloc           7%         N/A       26%         3
 Tukima's Dance           Hex            7%         N/A       26%         3
 Iskenderun's Mystic Bla  Conj/Tloc      22%        2d6       30%         4
 Dimensional Bullseye     Hex/Tloc       3%         N/A       65%         4
 Dispel Undead            Necr           7%         3d8       65%         4
 Passage of Golubria      Tloc           7%         N/A       65%         4
 Yara's Violent Unravell  Hex/Alch       6%         3d5       85%         5
 Summon Forest            Summ/Tloc      3%         N/A       94%         5
 Eringya's Noxious Bog    Alch           9%         4d6       99%         6
 Summon Hydra             Summ           3%         N/A       100%        7


Dungeon Overview and Level Annotations

Branches:
Dungeon (8/15)             Temple (0/1) D:6         Ossuary (visited)
   Lair: D:8-11

Altars:
Cheibriados
Elyvilon
Gozag
Kikubaaqudgha
Makhleb
Nemelex Xobeh
Okawaru
Ru
Sif Muna
Vehumet
The Shining One

Shops:
D:1 (


Innate Abilities, Weirdness & Mutations

You cannot be hasted, slowed, berserked, paralysed or teleported.
You can dig through walls and to a lower floor.
You have a pair of large antennae on your head. (SInv)
Your four strong arms can wield two-handed weapons with a shield.


Message History

The polar bear is heavily wounded.
The polar bear bites you! The polar bear closely misses you.
The polar bear claws you.
Aiming: Sandblast (safe; 1% risk of failure)
Press: ? - help, Q - select action, (/) - cycle Shift-Dir - straight line, f/p - polar bear
Aim: a polar bear (heavily wounded, extremely poisoned, 89% to hit)
The blast of sand hits the polar bear!
The polar bear is severely wounded.
The polar bear goes berserk!
Unknown command.
Aiming: Sandblast (safe; 1% risk of failure)
Press: ? - help, Q - select action, (/) - cycle Shift-Dir - straight line, f/p - polar bear
Aim: a polar bear (severely wounded, berserk, very poisoned, 89% to hit)
The blast of sand misses the polar bear.
The polar bear bites you but does no damage.
The polar bear claws you but does no damage.
You block the polar bear's attack. The polar bear bites you!
The polar bear claws you but does no damage. x2
Unknown command.
Aiming: Sandblast (safe; 1% risk of failure)
Press: ? - help, Q - select action, (/) - cycle Shift-Dir - straight line, f/p - polar bear
Aim: a polar bear (severely wounded, berserk, very poisoned, 89% to hit)
The blast of sand hits the polar bear.
The polar bear is almost dead.
The polar bear bites you!!
The polar bear claws you but does no damage.
The polar bear closely misses you. The polar bear bites you!
* * * LOW HITPOINT WARNING * * *
The polar bear claws you but does no damage. x2
The polar bear bites you but does no damage.
The polar bear barely misses you. x2
Aiming: Sandblast (safe; 1% risk of failure)
Press: ? - help, Q - select action, (/) - cycle Shift-Dir - straight line, f/p - polar bear
Aim: a polar bear (almost dead, berserk, very poisoned, 89% to hit)
The blast of sand hits the polar bear but does no damage.
The polar bear is almost dead.
You block the polar bear's attack.
The polar bear claws you but does no damage.
The polar bear barely misses you. The polar bear bites you!
You die...

..#.####.†...# #...##.
....##.)....## ##.####.
...##.).###.# #####..# #.
.#...###....# ##.....## #. ....##
##.### #####.###.######. ....#
#.# # ##..............#. .##.#
##.###. #..##..#.#.##.#.## #
##.###.##....##..#.#...###.#.##
#...###.?...@....##.## #.#...
#...# #....h#..####.# #.####
#...###.....#.#####.# #.#### ##
#.....##...##.......####.....
.####...#####.##....###...[..####
............####.##.###.###..# #
..................###.....##.# #
..............##..##..⌠.⌠..### #
.##.......###....##....⌠....## #


You could see a polar bear (berserk, very poisoned).

Vanquished Creatures
  Gastronok (D:8)
  Psyche (D:8)
  A steam dragon (D:5)
  7 yaks (D:8)
  Menkaure (D:4)
  2 water moccasins
  Edmund (D:5)
  2 orc warriors (D:8)
  A black bear (D:4)
  6 ice beasts
  4 ogres
  A centaur (D:7)
  2 kobold brigands
  2 bullfrogs
  7 scorpions
  3 wights (D:8)
  11 killer bees (D:8)
  2 electric eels (D:6)
  3 centaur zombies (Ossuary)
  4 hounds
  A wyvern simulacrum (D:8)
  3 human zombies (Ossuary)
  2 jellies
  3 orc priests
  3 gnoll boudas
  4 scorpion zombies (Ossuary)
  11 orc wizards
  A sleepcap (D:8)
  An iguana (D:7)
  A centaur simulacrum (D:8)
  3 mummies (Ossuary)
  A killer bee simulacrum (D:8)
  Robin (D:4)
  5 adders
  22 gnolls
  A shadow imp (D:7)
  3 white imps
  A bombardier beetle (D:5)
  7 ufetubi
  A worm (D:4)
  A dart slug (D:3)
  37 orcs
  8 ball pythons
  5 endoplasms
  3 giant cockroaches
  17 goblins
  8 hobgoblins
  2 jackals (D:1)
  18 kobolds
  5 quokkas
  3 bats
  4 frilled lizards
  A gnoll zombie (Ossuary)
  3 goblin zombies (Ossuary)
  4 kobold zombies (Ossuary)
  6 rats
262 creatures vanquished.

Vanquished Creatures (collateral kills)
  A boulder (D:8)
1 creature vanquished.

Grand Total: 263 creatures vanquished

Notes
Turn   | Place    | Note
-------+----------+-------------------------------------------
     0 | D:1      | Bnni the Formicid Earth Elementalist began the quest for
                  | the Orb.
     0 | D:1      | Reached XP level 1. HP: 13/13 MP: 3/3
   109 | D:1      | Reached XP level 2. HP: 17/20 MP: 3/5
   208 | D:1      | Found Heolyab's Weapon Boutique.
   237 | D:1      | Reached skill level 4 in Earth Magic
   365 | D:1      | Learned a level 2 spell: Passwall
   470 | D:1      | Reached XP level 3. HP: 24/24 MP: 6/6
   481 | D:1      | Learned a level 3 spell: Stone Arrow
   716 | D:2      | Reached skill level 1 in Fighting
   809 | D:2      | Reached skill level 1 in Conjurations
   809 | D:2      | Reached XP level 4. HP: 32/32 MP: 4/7
  1155 | D:2      | Reached XP level 5. HP: 18/37 MP: 7/9
  1606 | D:3      | Reached skill level 5 in Earth Magic
  2214 | D:3      | Reached XP level 6. HP: 44/44 MP: 8/10
  2850 | D:4      | Noticed Menkaure
  2857 | D:4      | Killed Menkaure
  2858 | D:4      | Reached skill level 6 in Earth Magic
  2858 | D:4      | Reached XP level 7. HP: 12/51 MP: 5/12
  3695 | D:4      | Noticed Robin
  3722 | D:4      | Killed Robin
  4152 | D:5      | Entered Level 5 of the Dungeon
  4317 | D:5      | Found a glowing golden altar of the Shining One.
  4370 | D:5      | Reached XP level 8. HP: 40/58 MP: 7/13
  4398 | D:5      | Reached skill level 7 in Earth Magic
  4650 | D:5      | Found a sand-covered staircase.
  4654 | D:5      | Noticed Edmund
  4656 | Ossuary  | Entered an ossuary
  4716 | Ossuary  | Reached skill level 8 in Earth Magic
  4721 | Ossuary  | Reached skill level 5 in Conjurations
  4904 | Ossuary  | Reached XP level 9. HP: 63/66 MP: 10/16
  5085 | Ossuary  | Reached skill level 5 in Spellcasting
  5122 | Ossuary  | Reached skill level 9 in Earth Magic
  5242 | Ossuary  | Learned a level 4 spell: Brom's Barrelling Boulder
  5247 | D:5      | Killed Edmund
  5248 | D:5      | Reached skill level 5 in Fighting
  5248 | D:5      | Reached skill level 1 in Armour
  6016 | D:6      | Found an opulent altar of Gozag.
  6019 | D:6      | Found an iron altar of Okawaru.
  6020 | D:6      | Found a burning altar of Makhleb.
  6020 | D:6      | Found a snail-covered altar of Cheibriados.
  6022 | D:6      | Found a sacrificial altar of Ru.
  6023 | D:6      | Found a white marble altar of Elyvilon.
  6031 | D:6      | Became a worshipper of Cheibriados the Contemplative
  6063 | D:6      | Found a staircase to the Ecumenical Temple.
  6100 | D:6      | Reached skill level 10 in Earth Magic
  6100 | D:6      | Reached skill level 1 in Invocations
  6163 | D:6      | Identified the +4 dagger of Wyrd {venom, rPois rCorr MP+9
                  | Stlth+}
  6539 | D:7      | Reached * piety under Cheibriados
  6802 | D:7      | Reached XP level 10. HP: 66/76 MP: 17/17
  6811 | D:7      | Learned a level 4 spell: Petrify
  7277 | D:8      | Reached ** piety under Cheibriados
  7447 | D:8      | Noticed Psyche
  7467 | D:8      | Killed Psyche
  7468 | D:8      | Reached skill level 5 in Invocations
  7861 | D:8      | Found a sparkling altar of Nemelex Xobeh.
  7880 | D:8      | Identified the +0 ring mail of Starshine {Fly rC+ Str-3}
  8134 | D:8      | Reached *** piety under Cheibriados
  8142 | D:8      | Reached skill level 11 in Earth Magic
  8213 | D:8      | Reached skill level 5 in Armour
  8304 | D:8      | Found a shimmering blue altar of Sif Muna.
  8316 | D:8      | Found an ancient bone altar of Kikubaaqudgha.
  8338 | D:8      | Got Kikubaaqudgha's Handbook of Shadows
  8344 | D:8      | Found a radiant altar of Vehumet.
  8357 | D:8      | Noticed Gastronok
  8379 | D:8      | Killed Gastronok
  8380 | D:8      | Reached XP level 11. HP: 47/85 MP: 18/18
  8633 | D:8      | Reached **** piety under Cheibriados
  8828 | D:8      | Slain by a polar bear

Illustrated notes

Levels and vault maps discovered:
D:1:      ncdulo_watergridlock, layout_rooms, serial_shops, shop,
          minmay_tetromino_i4
D:2:      layout_rooms, chequers_big_river, nicolae_houndstooth_variations
D:3:      layout_basic
D:4:      layout_loops_corners, nrook_mini_vaults, uniq_menkaure, uniq_robin
D:5:      layout_rooms, mainiacjoe_overflow_brackets,
          nicolae_ossuary_entry_monument, uniq_edmund
D:6:      layout_loops_ring, grunt_temple_overflow_open,
          minmay_temple_entry_mini_moons, serial_bayou, serial_bayou_crossing,
          serial_bayou_pond_c, serial_bayou_pond_c, serial_bayou_lagoon_a,
          dk_vineyard_3
D:7:      layout_rooms
D:8:      layout_loops_cross, palyth_temple_overflow_mages,
          nemelex_diamond_rough_becter, serial_ice, serial_ice_l, serial_ice_d,
          serial_ice_o, serial_ice_m, serial_ice_c, serial_ice_g, special_room
          [special_room_orc], chequers_avenue, uniq_gastronok, uniq_psyche

Skill      XL: |  1  2  3  4  5  6  7  8  9 10 11 |
---------------+----------------------------------+-----
Alchemy        | 2 |  2.0
Earth Magic    | 4 5 6 8 10 11 | 11.6
Fighting       | 1 2 3 4 6 7 8 |  8.0
Conjurations   | 1 2 3 4 5 |  5.0
Spellcasting   | 3 4 5 |  5.1
Armour         | 3 5 |  5.9
Invocations    | 3 8 |  8.6
Dodging        | |  1.7
Stealth        | |  2.4

Action                     |  1- 3 |  4- 6 |  7- 9 | 10-12 || total
---------------------------+-------+-------+-------+-------++-------
  Melee: Dagger            |    33 |       |    24 |    57 ||   114
         Punch             |     1 |       |     2 |       ||     3
         Whip              |       |    24 |    22 |       ||    46
   Cast: Sandblast         |    30 |    72 |   188 |   138 ||   428
         Stone Arrow       |       |       |       |     8 ||     8
         Passwall          |       |       |       |     1 ||     1
         Petrify           |       |       |       |     1 ||     1
         Brom's Barrelling |       |       |       |     1 ||     1
    Use: Scroll            |       |       |     8 |     3 ||    11
         Potion            |       |       |     1 |       ||     1
   Stab: Petrified         |       |       |       |     3 ||     3
         Sleeping          |       |       |       |     1 ||     1
 Armour: Robe              |    17 |    33 |       |       ||    50
         Ring mail         |       |    10 |   185 |   112 ||   307
  Dodge: Dodged            |    30 |    31 |   114 |    67 ||   242
  Block: Other             |       |       |       |    14 ||    14

Table legend: (Time is in decaauts)
 A = Elapsed time spent in this place.
 B = Non-inter-level travel time spent in this place.
 C = Inter-level travel time spent in this place.
 D = Time resting spent in this place.
 E = Time spent auto-exploring this place.
 F = Levels seen in this place.
 G = Mean time per level.
                   A        B        C        D        E       F      G
               +--------+--------+--------+--------+--------+-----+--------+
         Total |   9649 |   9401 |    248 |   1530 |   5888 |   9 | 1072.1 |
       Dungeon |   9031 |   8783 |    248 |   1283 |   5794 |   8 | 1128.9 |
       Ossuary |    617 |    617 |      0 |    247 |     94 |   1 |  617.0 |
               +--------+--------+--------+--------+--------+-----+--------+

Top non-repeatable levels by time:
     D:8: 2029 daAuts
     D:4: 1530 daAuts
     D:6: 1087 daAuts
     D:3: 1070 daAuts
     D:2: 922 daAuts
     D:7: 900 daAuts
     D:5: 777 daAuts
     D:1: 713 daAuts
 Ossuary: 617 daAuts
